 Dungeon Crawl Stone Soup version 0.30.1-11-g7821555f0a (webtiles) character file.

Game seed: 6209075682184277080

4 VictoriousLee the Magician (level 1, -2/13 HPs)
             Began as an Octopode Hedge Wizard on Dec 31, 2023.
             Was a Follower of Kikubaaqudgha.
             Killed from afar by a dart slug (5 damage)
             ... with a slug dart
             ... on level 1 of the Dungeon.
             The game lasted 00:02:28 (189 turns).

VictoriousLee the Magician (Octopode Hedge Wizard)   Turns: 189, Time: 00:02:30

Health: -2/13      AC:  1    Str:  9    XL:     1   Next: 70%
Magic:  4/4        EV: 13    Int: 16    God:    Kikubaaqudgha [*.....]
Gold:   3          SH:  0    Dex: 11    Spells: 5/6 levels left

rFire   . . .        a - +0 dagger
rCold   . . .        (no shield)
rNeg    . . .        b - +0 hat
rPois   .            (no amulet)
rElec   .            (no ring)
rCorr   .            (no ring)
SInv    .            (no ring)
Will    .....        (no ring)
Stlth   +++          (no ring)
HPRegen 0.22/turn    (no ring)
MPRegen 0.09/turn    (no ring)
                     (no ring)

%: no passive effects
@: no status effects
A: almost no armour, amphibious, 8 rings, camouflage 1, gelatinous body 1,
(nimble swimmer 1), tentacles
a: Renounce Religion, Unearth Wretches


You were on level 1 of the Dungeon.
You worshipped Kikubaaqudgha.
Kikubaaqudgha was aware of your devotion.
You visited 1 branch of the dungeon, and saw 1 of its levels.

You collected 3 gold pieces.

Inventory:

Hand Weapons
 a - a +0 dagger (weapon)
Armour
 b - a +0 hat (worn)
Scrolls
 e - a scroll of magic mapping {unknown}
Potions
 c - a potion of magic
 d - a potion of mutation {unknown}
 f - a potion of curing {unknown}


   Skills:
 + Level 1.2 Fighting
 - Level 2.0 Dodging
 - Level 2.6 Stealth
 - Level 3.0 Spellcasting
 - Level 1.0 Conjurations
 - Level 1.0 Summonings
 - Level 1.0 Translocations


You had 5 spell levels left.
You knew the following spells:

 Your Spells              Type           Power      Damage    Failure   Level
a - Magic Dart            Conj           20%        1d4       12%         1

Your spell library contained the following spells:

 Spells                   Type           Power      Damage    Failure   Level
 Kiss of Death            Conj/Necr      16%        2d6       16%         1
 Necrotise                Necr           8%         1d4       19%         1
 Slow                     Hex            8%         N/A       19%         1
 Blink                    Tloc           10%        N/A       19%         2
 Call Imp                 Summ           10%        N/A       19%         2
 Cigotuvi's Dreadful Rot  Necr/Pois/Air  4%         N/A       28%         2
 Sublimation of Blood     Necr           2%         N/A       28%         2
 Mephitic Cloud           Conj/Pois/Air  3%         N/A       43%         3
 Animate Dead             Necr           2%         N/A       88%         4


Dungeon Overview and Level Annotations

Branches:
Dungeon (1/15)

Altars:
Kikubaaqudgha


Innate Abilities, Weirdness & Mutations

You cannot wear most types of armour.
You are amphibious.
You can wear up to eight rings at the same time.
Your skin changes colour to match your surroundings (Stealth+).
Your rubbery body absorbs attacks. (AC +1, EV +1)
((You are camouflaged when in or above water. (Stealth+)))
You have tentacles for arms and can constrict up to eight enemies at once.


Message History

The ball python hisses angrily. x2
Found a stone staircase leading down.
There is an open door here.
You closely miss the ball python. Your grab misses the ball python.
The ball python bites you. The ball python grabs you.
The ball python constricts you.
You hit the ball python. Your grab misses the ball python.
The ball python is heavily wounded.
The ball python bites you but does no damage.
The ball python constricts you.
You closely miss the ball python. You grab the ball python.
The ball python is heavily wounded.
You constrict the ball python. The ball python bites you.
The ball python constricts you. The ball python bites you.
* * * LOW HITPOINT WARNING * * *
You escape the ball python's grasp.
You release your grip on the ball python.
The ball python attacks as you move away!
The ball python bites you.
* * * LOW HITPOINT WARNING * * *
You hit the ball python.
You kill the ball python!
Kikubaaqudgha accepts your kill.
Your Fighting skill increases to level 1!
Unknown command.
You closely miss the ball python. Your grab misses the ball python.
You squeeze the ball python.
You kill the ball python!
Kikubaaqudgha accepts your kill. The dart slug launches a dart at you.
The slug dart misses you.
There is an open door here.
You see here a ball python corpse.
You hit the dart slug. You grab the dart slug. You squeeze the dart slug.
The dart slug is severely wounded.
You constrict the dart slug. The dart slug launches a dart at you.
The slug dart hits you.
You die...
Kikubaaqudgha rasps: "You have failed me!
Welcome... death!"

#......)#########.##
#..~~~..## #.#
#..~_~...# #.#
#..~~~..## #+##
#.......# #...##
#.##.##.# #.....#
#.......## ##.......
####.#...####........
............†@w......
####.#...####........
#.#..## ##.....>. #
#..# #.....# ....#
#...## ###.## #+## #.
#.


You could see a dart slug.

Vanquished Creatures
  A kobold (D:1)
  3 ball pythons (D:1)
  A rat (D:1)
5 creatures vanquished.

Notes
Turn   | Place    | Note
-------+----------+-------------------------------------------
     0 | D:1      | VictoriousLee the Octopode Hedge Wizard began the quest for
                  | the Orb.
     0 | D:1      | Reached XP level 1. HP: 11/11 MP: 4/4
   104 | D:1      | Found a faded altar of an unknown god.
   165 | D:1      | Prayed at the altar of an unknown god.
   165 | D:1      | Became a worshipper of Kikubaaqudgha
   165 | D:1      | Reached * piety under Kikubaaqudgha
   165 | D:1      | Received a gift from Kikubaaqudgha
   186 | D:1      | Reached skill level 1 in Fighting
   189 | D:1      | Killed from afar by a dart slug

Illustrated notes

Levels and vault maps discovered:
D:1:      heliophobic_arrival_glass_houses, layout_loops_corners,
          hellmonk_ecumenical_altar_pennies_from_heaven, grunt_decor_resistance

Skill      XL: |  1 |
---------------+----+-----
Fighting       | 1 |  1.2
Dodging        | |  2.0
Stealth        | |  2.6
Spellcasting   | |  3.0
Conjurations   | |  1.0
Summonings     | |  1.0
Translocations | |  1.0

Action                     || total
---------------------------++-------
  Melee: Dagger            ||    15
         Constrict         ||     4
         Tentacles         ||     4
 Armour: Skin              ||     1
  Dodge: Dodged            ||     4
